 Dungeon Crawl Stone Soup version 0.30-a0-743-gbfdf073431 (webtiles) character file.

Game seed: 11562954350245257438

3889 ryw the Cleaver (level 10, 0/90 HPs)
             Began as a Hill Orc Berserker on Feb 6, 2023.
             Was a Follower of Lugonu.
             Slain by Psyche
             ... wielding a +1 dagger of distortion
              (13 damage)
             ... on level 8 of the Dungeon.
             The game lasted 00:14:11 (6925 turns).

ryw the Cleaver (Hill Orc Berserker)                Turns: 6925, Time: 00:14:12

Health: 0/90       AC: 17    Str: 25    XL:     10   Next: 19%
Magic:  10/10      EV: 11    Int:  7    God:    Lugonu [*.....]
Gold:   598        SH:  0    Dex: 10    Spells: 9/9 levels left

rFire   . . .      SeeInvis .    F - +0 battleaxe
rCold   . . .      Faith    .    (shield currently unavailable)
rNeg    . . .      Spirit   .    x - +3 scale mail
rPois   +          Reflect  .    e - +1 helmet
rElec   .          Harm     .    B - +0 cloak
rCorr   .          Rampage  .    w - +0 pair of gloves
Will    .....                    u - +0 pair of boots Stlth
                                 (no amulet)
HPRegen 0.35/turn                A - ring of poison resistance
MPRegen 0.12/turn                (no ring)

@: mighty
A: no striking features
a: Renounce Religion, Depart the Abyss


You were on level 8 of the Dungeon.
You worshipped Lugonu.
Lugonu was aware of your devotion.
You visited 1 branch of the dungeon, and saw 8 of its levels.
You visited the Abyss 1 time.

You collected 598 gold pieces.

Inventory:

Hand Weapons
 F - a +0 battleaxe (weapon)
Missiles
 j - 2 javelins
 k - 3 atropa-tipped darts (quivered)
 m - 2 throwing nets
Armour
 e - a +1 helmet (worn)
 u - a +0 pair of boots (worn)
 w - a +0 pair of gloves (worn)
 x - a +3 scale mail (worn)
 y - a +3 leather armour
 B - a +0 cloak (worn)
Jewellery
 h - an amulet of faith
 A - a ring of poison resistance (left hand)
Wands
 f - a wand of roots (12)
 p - a wand of flame (19)
Scrolls
 i - a scroll of fog
 l - 4 scrolls of identify
 t - 2 scrolls of teleportation
 v - 2 scrolls of blinking
Potions
 a - 2 potions of cancellation {unknown}
 b - a potion of resistance
 d - 5 potions of curing
 g - 3 potions of flight
 n - 2 potions of heal wounds
 C - a potion of magic {unknown}


   Skills:
 + Level 8.8 Fighting
 + Level 9.6 Axes
 + Level 5.8 Throwing
 + Level 7.5 Armour
 - Level 5.0 Dodging


You had 9 spell levels left.
You didn't know any spells.
Your spell library was empty.

Dungeon Overview and Level Annotations

Branches:
Dungeon (8/15)             Temple (0/1) D:4
   Lair: D:8-11

Altars:
Dithmenos
Gozag
Kikubaaqudgha
Okawaru
Ru
Xom
Beogh

Annotations:
D:3 3 runed translucent doors, baller8008's ghost, amateur DECj
D:5 3 runed translucent doors, Esekla's ghost, weakling OpDe; baller8008's ghost, amateur DECj
D:6 3 runed translucent doors, bande's ghost, novice GrFi
D:8 Psyche


Message History

You barely miss something. Something hits you but does no damage.
Space warps horribly around you!!
* * * LOW HITPOINT WARNING * * *
Something hits you.
* * * LOW HITPOINT WARNING * * *
You blink.
You barely miss the wyvern. The wyvern closely misses you. x2
You feel much better.
The wyvern bites you but does no damage.
The wyvern barely misses you.
You slash the wyvern!
The wyvern is moderately wounded.
The wyvern barely misses you.
You slash the wyvern!
The wyvern is almost dead.
The wyvern bites you but does no damage.
The wyvern closely misses you.
You hit the wyvern.
The wyvern is almost dead.
The wyvern bites you but does no damage. x2
You slash the wyvern!
You kill the wyvern!
Lugonu accepts your kill.
You closely miss something. Something completely misses you.
Something hits you.
* * * LOW HITPOINT WARNING * * *
Space warps horribly around you!
* * * LOW HITPOINT WARNING * * *
You closely miss something. Something hits you.
* * * LOW HITPOINT WARNING * * *
You feel much better. Something hits you but does no damage.
Space warps horribly around you!!
* * * LOW HITPOINT WARNING * * *
Something hits you.
* * * LOW HITPOINT WARNING * * *
You blink.
Something hits you.
* * * LOW HITPOINT WARNING * * *
Space warps horribly around you!
You die...

# #'# # #.# #.#
#.# #.# #.#
#########.#
#.......#{#
########.......#@#
.......'........>#
########.......#.#
####.......#.#
#..........#.#
#..........#?#
#..........#.#
#..........#.#
#.....######.#


There were no monsters in sight!

Vanquished Creatures
  A troll (D:7)
  2 wyverns (D:8)
  A steam dragon (D:7)
  A water moccasin (D:6)
  2 orc warriors
  An ice beast (D:8)
  A sky beast (D:6)
  2 black bears
  3 ogres
  2 centaurs
  A phantom (D:4)
  A bullfrog (D:6)
  A wyvern zombie (D:7)
  3 necrophages
  3 scorpions
  6 wights
  9 killer bees
  A howler monkey (D:5)
  A human zombie (D:7)
  A centaur zombie (D:7)
  A gnoll bouda (D:8)
  A bullfrog zombie (D:7)
  2 jellies
  4 orc priests
  3 hounds
  3 iguanas (D:4)
  4 orc wizards
  3 mummies (D:7)
  A howler monkey zombie (D:7)
  7 gnolls
  9 adders
  A white imp (D:5)
  2 ufetubi
  3 worms
  A dart slug (D:3)
  19 orcs
  6 bats
  11 endoplasms
  4 giant cockroaches
  8 goblins
  13 hobgoblins
  7 kobolds
  3 quokkas
  13 ball pythons
  4 frilled lizards (D:1)
  6 rats
182 creatures vanquished.

Vanquished Creatures (others)
  An orc (D:7)
1 creature vanquished.

Grand Total: 183 creatures vanquished

Notes
Turn   | Place    | Note
-------+----------+-------------------------------------------
     0 | D:1      | ryw the Hill Orc Berserker began the quest for the Orb.
     0 | D:1      | Reached XP level 1. HP: 19/19 MP: 1/1
   191 | D:1      | Reached XP level 2. HP: 27/27 MP: 2/2
   746 | D:1      | Reached XP level 3. HP: 33/33 MP: 3/3
  1006 | D:2      | Reached ** piety under Trog
  1023 | D:2      | Reached skill level 1 in Throwing
  1023 | D:2      | Reached XP level 4. HP: 40/40 MP: 4/4
  1583 | D:3      | Found a runed translucent gate.
  1585 | D:3      | Found a runed translucent gate.
  1590 | D:3      | Found a runed translucent gate.
  1591 | D:3      | Noticed baller8008's ghost (amateur DECj)
  1592 | D:3      | Noticed a scorpion
  2118 | D:3      | Reached XP level 5. HP: 46/47 MP: 5/5
  2147 | D:3      | Reached skill level 5 in Axes
  2380 | D:4      | Reached *** piety under Trog
  2481 | D:4      | Reached XP level 6. HP: 34/55 MP: 6/6
  2567 | D:4      | Noticed a black bear
  2575 | D:4      | Killed a black bear
  2576 | D:4      | Reached skill level 5 in Fighting
  2633 | D:4      | Found a staircase to the Ecumenical Temple.
  2730 | D:4      | Reached XP level 7. HP: 61/61 MP: 7/7
  2751 | D:4      | Found a shadowy altar of Dithmenos.
  2856 | D:4      | Reached skill level 6 in Axes
  2866 | D:4      | Found an iron altar of Okawaru.
  2974 | D:5      | Entered Level 5 of the Dungeon
  3636 | D:5      | Reached XP level 8. HP: 56/70 MP: 8/8
  3689 | D:5      | Found a runed translucent gate.
  3689 | D:5      | Found a runed translucent gate.
  3689 | D:5      | Found a runed translucent gate.
  3689 | D:5      | Noticed Esekla's ghost (weakling OpDe)
  3691 | D:5      | Noticed baller8008's ghost (amateur DECj)
  3728 | D:5      | Reached skill level 7 in Axes
  3728 | D:5      | Reached skill level 5 in Armour
  3857 | D:5      | Found a sacrificial altar of Ru.
  3858 | D:5      | Found an opulent altar of Gozag.
  3859 | D:5      | Found a shadowy altar of Dithmenos.
  3859 | D:5      | Found a shimmering altar of Xom.
  4067 | D:6      | Found a runed translucent gate.
  4067 | D:6      | Noticed bande's ghost (novice GrFi)
  4068 | D:6      | Found a runed translucent gate.
  4069 | D:6      | Found a runed translucent gate.
  4075 | D:6      | Found a roughly hewn altar of Beogh.
  4368 | D:6      | Reached XP level 9. HP: 62/78 MP: 9/9
  4835 | D:7      | Reached skill level 8 in Axes
  5332 | D:7      | Reached **** piety under Trog
  5370 | D:7      | Found an ancient bone altar of Kikubaaqudgha.
  5556 | D:7      | Reached skill level 5 in Dodging
  5574 | D:7      | Reached skill level 5 in Throwing
  6063 | D:7      | Noticed a troll
  6078 | D:7      | Killed a troll
  6079 | D:7      | Reached skill level 9 in Axes
  6460 | D:7      | Reached XP level 10. HP: 88/89 MP: 10/10
  6780 | D:8      | Noticed Psyche
  6807 | Abyss:2  | Cast into level 2 of the Abyss (Psyche)
  6884 | Abyss:2  | Found a corrupted altar of Lugonu.
  6893 | Abyss:2  | Found a corrupted altar of Lugonu.
  6893 | Abyss:2  | Found a corrupted altar of Lugonu.
  6900 | Abyss:2  | Noticed a starcursed mass
  6904 | Abyss:2  | Fell from the grace of Trog
  6904 | Abyss:2  | Became a worshipper of Lugonu the Unformed
  6904 | Abyss:2  | Reached * piety under Lugonu
  6904 | Abyss:2  | Reached ** piety under Lugonu
  6907 | D:8      | Escaped the Abyss
  6925 | D:8      | Slain by Psyche

Illustrated notes

Levels and vault maps discovered:
D:1:      minmay_arrival_stone_box, layout_loops_cross
D:2:      cheibrodos_greedy_goblins, layout_basic, kennysheep_cross_room
D:3:      wander_river, layout_loops_ring, gammafunk_ghost_split,
          minmay_misc_feat_rows
D:4:      layout_rooms, amcnicky_altar_gilded, minmay_temple_entry_mist,
          minmay_ruined_shrine
D:5:      layout_rooms, mainiacjoe_overflow_alcove_3, gammafunk_ghost_cemetery
D:6:      layout_basic, biasface_ghost_orc_armoury
D:7:      layout_basic, lemuel_mausoleum_altar_kikubaaqudgha
D:8:      layout_basic, uniq_psyche

Skill      XL: |  1  2  3  4  5  6  7  8  9 |
---------------+----------------------------+-----
Fighting       | 4 5 6 8 |  8.8
Dodging        | 2 3 4 5 |  5.0
Throwing       | 1 2 3 4 5 |  5.8
Armour         | 3 4 5 7 |  7.5
Axes           | 5 6 7 9 |  9.6

Action                     |  1- 3 |  4- 6 |  7- 9 | 10-12 || total
---------------------------+-------+-------+-------+-------++-------
  Melee: Hand axe          |    90 |   190 |   345 |       ||   625
         Punch             |       |     1 |     3 |       ||     4
         Flail             |       |       |    88 |       ||    88
         Battleaxe         |       |       |    30 |    85 ||   115
         Dire flail        |       |       |     4 |       ||     4
  Throw: Dart              |       |       |     4 |       ||     4
         Javelin           |       |       |     2 |       ||     2
 Invoke: Berserk           |     3 |     3 |     4 |     2 ||    12
         Trog's Hand       |     1 |     2 |     2 |     2 ||     7
         Depart the Abyss  |       |       |       |     1 ||     1
    Use: Scroll            |       |       |    15 |       ||    15
         Potion            |       |       |     1 |     3 ||     4
 Armour: Animal skin       |     2 |       |       |       ||     2
         Leather armour    |    29 |    22 |       |       ||    51
         Scale mail        |       |    52 |   250 |    71 ||   373
  Dodge: Dodged            |    56 |   104 |   288 |    67 ||   515

Table legend: (Time is in decaauts)
 A = Elapsed time spent in this place.
 B = Non-inter-level travel time spent in this place.
 C = Inter-level travel time spent in this place.
 D = Time resting spent in this place.
 E = Time spent auto-exploring this place.
 F = Levels seen in this place.
 G = Mean time per level.
                   A        B        C        D        E       F      G
               +--------+--------+--------+--------+--------+-----+--------+
         Total |   7078 |   6939 |    139 |    694 |   4378 |   9 |  786.4 |
       Dungeon |   6963 |   6824 |    139 |    661 |   4378 |   8 |  870.4 |
         Abyss |    114 |    114 |      0 |     32 |      0 |   1 |  114.0 |
               +--------+--------+--------+--------+--------+-----+--------+

Top non-repeatable levels by time:
     D:7: 1451 daAuts
     D:4: 935 daAuts
     D:6: 923 daAuts
     D:2: 810 daAuts
     D:5: 805 daAuts
     D:1: 799 daAuts
     D:3: 727 daAuts
     D:8: 510 daAuts
 Abyss:2: 114 daAuts
